 Dungeon Crawl Stone Soup version 0.31-a0-1338-gb567cfdca4 (webtiles) character file.

Game seed: 12815310637518809696

8474 whatisthis the Fighter (level 11, -7/128 HPs)
             Began as an Oni Berserker on Dec 21, 2023.
             Was an Elder of Trog.
             Killed from afar by a steam dragon (24 damage)
             ... with a ball of steam
             ... on level 10 of the Dungeon.
             The game lasted 00:34:17 (13524 turns).

whatisthis the Fighter (Oni Berserker)             Turns: 13524, Time: 00:34:17

Health: -7/128     AC:  9    Str: 27    XL:     11   Next: 31%
Magic:  11/11      EV:  9    Int: 14    God:    Trog [****..]
Gold:   439        SH:  8    Dex:  8    Spells: 10/10 levels left

rFire   . . .        v - +0 morningstar
rCold   . . .        J - +0 kite shield {rN+}
rNeg    + . .        s - +5 robe of Night {Dark Will+ SInv}
rPois   +            (helmet restricted)
rElec   .            q - +0 cloak
rCorr   .            (gloves unavailable)
SInv    +            (boots unavailable)
Will    ++...        (no amulet)
Stlth   +            G - +6 ring of intelligence
HPRegen 0.41/turn    K - ring of poison resistance
MPRegen 0.12/turn

%: no passive effects
@: on berserk cooldown, slowed, very slow
A: drunken brawling, large, unfitting armour, horns 1, tough skin 1, double
potion healing
a: Renounce Religion, Berserk, Trog's Hand, Brothers in Arms


You were on level 10 of the Dungeon.
You worshipped Trog.
Trog was greatly pleased with you.
You visited 1 branch of the dungeon, and saw 10 of its levels.
You also visited: Ossuary.

You collected 671 gold pieces.
You spent 232 gold pieces at shops.

Inventory:

Hand Weapons
 b - a +0 giant spiked club
 u - a +1 flail of protection
 v - a +0 morningstar (weapon)
 y - a +4 glaive of distortion
 H - a +5 mace
Missiles
 g - a throwing net (quivered)
 h - a curare-tipped dart
 k - 57 stones
 t - 9 poisoned darts
 M - 7 boomerangs
Armour
 c - a +1 robe of positive energy
 q - a +0 cloak (worn)
 s - the +5 robe of Night (worn) {Dark Will+ SInv}
   (You found it on level 9 of the Dungeon)

   Dark:      It shrouds the wearer in darkness, reducing the range at which
   they can see and be seen by others.
   Will+:     It increases your willpower.
   SInv:      It lets you see invisible.
 J - a +0 kite shield of positive energy (worn)
Jewellery
 a - an amulet of guardian spirit
 G - a +6 ring of intelligence (left hand)
 K - a ring of poison resistance (right hand)
Wands
 j - a wand of paralysis (11)
 z - a wand of flame (25)
 F - a wand of polymorph (13)
 I - a wand of digging (4)
Scrolls
 d - 2 scrolls of noise
 l - a scroll of fog {unknown}
 m - 2 scrolls of enchant weapon {unknown}
 p - 5 scrolls of teleportation
 r - 2 scrolls of immolation
 w - a scroll of vulnerability {unknown}
 x - a scroll of revelation {unknown}
 C - a scroll of fear {unknown}
Potions
 e - 3 potions of lignification
 f - 2 potions of enlightenment {unknown}
 i - 5 potions of curing
 n - 2 potions of cancellation {unknown}
 o - a potion of attraction {unknown}
 A - 4 potions of mutation
 B - a potion of brilliance {unknown}
 D - a potion of magic {unknown}
 E - 2 potions of haste {unknown}
 L - a potion of berserk rage {unknown}


   Skills:
 + Level 13.8 Fighting
 + Level 10.6 Maces & Flails
 - Level 7.1 Throwing
 - Level 2.6 Dodging
 + Level 5.6 Shields


You had 10 spell levels left.
You didn't know any spells.
Your spell library was empty.

Dungeon Overview and Level Annotations

Branches:
Dungeon (10/15)            Temple (0/1) D:4             Orc (0/2) D:9
Ossuary (visited)
   Lair: D:8-11

Altars:
Dithmenos
Elyvilon
Gozag
Makhleb
Okawaru
Ru
Trog
Uskayaw
Xom
Yredelemnul
Zin
The Shining One

Shops:
D:8 :[=

Annotations:
D:2 1 runed translucent door, Crazy Yiuf
D:7 2 transporters, kd29's ghost, novice HOFi


Innate Abilities, Weirdness & Mutations

Whenever you drink a potion that restores your health or magic, you attack all enemies around you.
You are too large for most types of armour.
You have a pair of small horns on your head.
You have tough skin. (AC +1)
Whenever you drink a potion that restores your health or magic, it restores twice as much.


Message History

The two-headed ogre easily resists.
The two-headed ogre hits you with a +0 giant club!!
* * * LOW HITPOINT WARNING * * *
The two-headed ogre hits you with a +0 giant club!!
* * * LOW HITPOINT WARNING * * *
Unknown command.
Okay, then.
Throw: 3 throwing nets
Press: ? - help, Q - select action, (/) - cycle Shift-Dir - straight line, f/p - two-headed ogre
Aim: a two-headed ogre, wielding two +0 giant clubs (moderately wounded, 77% to hit)
You throw a throwing net.
The throwing net hits the two-headed ogre.
The two-headed ogre is caught in the net!
The two-headed ogre is moderately wounded.
The two-headed ogre struggles against the net.
The two-headed ogre struggles against the net. x2
The two-headed ogre struggles against the net.
Items here: $ ) [ ††.
The two-headed ogre struggles against the net. x2
The net rips apart, and the two-headed ogre comes free!
Throw: 2 throwing nets
Press: ? - help, Q - select action, (/) - cycle Shift-Dir - straight line, f/p - two-headed ogre
Aim: a two-headed ogre, wielding two +0 giant clubs (moderately wounded, 77% to hit)
You throw a throwing net.
The throwing net hits the two-headed ogre.
The two-headed ogre is caught in the net!
The two-headed ogre is moderately wounded.
The two-headed ogre struggles against the net.
The two-headed ogre struggles against the net.
As you read the scroll of teleportation, it crumbles to dust.
You feel strangely unstable.
The two-headed ogre struggles against the net. x2
The two-headed ogre struggles against the net.
The two-headed ogre struggles against the net.
The net rips apart, and the two-headed ogre comes free!
Your surroundings suddenly seem different.
A steam dragon comes into view.
The steam dragon breathes steam at you. The ball of steam hits you!!
You die...

...# #..# #..#
#..#########..#
######.............###
........................
.........................
...........>..............
...........................
.............[.............
..........@......<.o)......
...........§........(.(....
............§.........(....
..........)................
#..........................
#..............D...........
#..........................
#..........................
#..........................


There were no monsters in sight!

Vanquished Creatures
  Erolcha (D:9)
  A boulder beetle (D:10)
  A two-headed ogre (D:9)
  An unseen horror (D:10)
  2 hornets (D:9)
  Sigmund (D:5)
  8 yaks (D:9)
  A steam dragon (D:7)
  A warg (D:10)
  A vampire mosquito (D:9)
  Edmund (D:4)
  Menkaure (D:5)
  A water moccasin (D:6)
  A sky beast (D:6)
  2 orc warriors
  A black bear (D:6)
  2 wolves (D:10)
  4 centaurs
  3 ogres
  2 kobold brigands
  Blork the orc (D:5)
  An elf zombie (Ossuary)
  3 bullfrogs
  4 scorpions
  13 wights
  3 killer bees (D:9)
  An electric eel (D:7)
  3 howler monkeys
  3 jellies
  2 gnoll boudas
  8 orc priests
  3 hounds (D:5)
  11 orc wizards
  4 iguanas
  3 mummies (Ossuary)
  14 adders
  6 gnolls
  A shadow imp (D:5)
  2 white imps (D:8)
  2 bombardier beetles
  2 ufetubi (D:6)
  4 adder zombies (Ossuary)
  A worm (D:2)
  4 dart slugs
  35 orcs
  14 endoplasms
  4 giant cockroaches
  8 goblins
  6 hobgoblins
  9 jackals
  5 quokkas
  6 ball pythons
  7 bats
  4 frilled lizards
  4 goblin zombies (Ossuary)
  3 hobgoblin zombies (Ossuary)
  25 kobolds
  5 quokka zombies (Ossuary)
  8 rats
  A rat zombie (Ossuary)
279 creatures vanquished.

Vanquished Creatures (others)
  5 wights (D:7)
  A sleepcap (D:7)
6 creatures vanquished.

Grand Total: 285 creatures vanquished

Notes
Turn   | Place    | Note
-------+----------+-------------------------------------------
     0 | D:1      | whatisthis the Oni Berserker began the quest for the Orb.
     0 | D:1      | Reached XP level 1. HP: 24/24 MP: 1/1
    48 | D:1      | Found a faded altar of an unknown god.
    64 | D:1      | Reached XP level 2. HP: 30/33 MP: 2/2
   320 | D:1      | Reached XP level 3. HP: 35/40 MP: 3/3
   736 | D:2      | Reached ** piety under Trog
   746 | D:1      | Reached skill level 5 in Fighting
   916 | D:2      | Reached XP level 4. HP: 50/50 MP: 4/4
  1268 | D:2      | Found a runed translucent door.
  1269 | D:2      | Noticed Crazy Yiuf
  1789 | D:3      | Reached XP level 5. HP: 57/59 MP: 5/5
  1798 | D:3      | Reached skill level 6 in Fighting
  1798 | D:3      | Reached skill level 1 in Throwing
  2330 | D:3      | Found a bloodstained altar of Trog.
  2424 | D:3      | Reached *** piety under Trog
  2519 | D:3      | Found a glowing silver altar of Zin.
  2520 | D:3      | Found a shadowy altar of Dithmenos.
  2713 | D:3      | Reached XP level 6. HP: 68/68 MP: 6/6
  2993 | D:4      | Identified the +1 chain mail of Conscience {Fly Str+3}
  3026 | D:4      | Reached skill level 5 in Maces & Flails
  3055 | D:4      | Found a staircase to the Ecumenical Temple.
  3076 | D:4      | Noticed Edmund
  3094 | D:4      | Killed Edmund
  3095 | D:4      | Reached skill level 7 in Fighting
  3163 | D:4      | Reached XP level 7. HP: 77/78 MP: 7/7
  3605 | D:4      | Found a burning altar of Makhleb.
  3771 | D:5      | Entered Level 5 of the Dungeon
  3984 | D:5      | Noticed Blork the orc
  3990 | D:5      | Killed Blork the orc
  3991 | D:5      | Reached skill level 8 in Fighting
  4127 | D:5      | Found a sand-covered staircase.
  4135 | Ossuary  | Entered an ossuary
  4146 | Ossuary  | Reached XP level 8. HP: 57/88 MP: 8/8
  4388 | Ossuary  | Reached **** piety under Trog
  4619 | D:5      | Noticed Sigmund
  4632 | D:5      | Killed Sigmund
  4705 | D:5      | Reached skill level 9 in Fighting
  4705 | D:5      | Reached skill level 5 in Throwing
  4793 | D:5      | Noticed Menkaure
  4797 | D:5      | Killed Menkaure
  4801 | D:5      | Found an iron altar of Okawaru.
  5335 | D:5      | Found a shimmering altar of Xom.
  5441 | D:5      | Found a basalt altar of Yredelemnul.
  5931 | D:6      | Reached XP level 9. HP: 101/101 MP: 9/9
  6043 | D:6      | Found a sacrificial altar of Ru.
  6432 | D:6      | Reached skill level 10 in Fighting
  7239 | D:7      | Noticed kd29's ghost (novice HOFi)
  7247 | D:7      | Found a bloodstained altar of Trog.
  7247 | D:7      | Found a transporter.
  7249 | D:7      | Noticed a moth of wrath
  7339 | D:7      | Found a white marble altar of Elyvilon.
  7345 | D:7      | Found a transporter.
  7962 | D:7      | Reached skill level 11 in Fighting
  8543 | D:8      | Found Neir's Antique Armour Boutique.
  8547 | D:8      | Bought a shiny kite shield for 232 gold pieces
  8739 | D:8      | Found Liad's Jewellery Boutique.
  9072 | D:8      | Reached skill level 1 in Shields
  9085 | D:8      | Reached XP level 10. HP: 88/114 MP: 10/10
  9399 | D:8      | Found Tacuch's Book Emporium.
 10129 | D:7      | Found a glowing golden altar of the Shining One.
 10621 | D:9      | Found a staircase to the Orcish Mines.
 10936 | D:9      | Found an opulent altar of Gozag.
 10971 | D:9      | Noticed Erolcha
 10984 | D:9      | Killed Erolcha
 10985 | D:9      | Reached skill level 12 in Fighting
 11690 | D:9      | Noticed a two-headed ogre
 11706 | D:9      | Killed a two-headed ogre
 11707 | D:9      | Reached skill level 13 in Fighting
 11707 | D:9      | Reached skill level 10 in Maces & Flails
 11843 | D:9      | Found a hide-covered altar of Uskayaw.
 11935 | D:9      | Reached XP level 11. HP: 92/127 MP: 11/11
 11945 | D:9      | Reached skill level 5 in Shields
 12174 | D:9      | Found the +5 robe of Night {Dark Will+ SInv}
 12426 | D:10     | Entered Level 10 of the Dungeon
 12609 | D:10     | Noticed a boulder beetle
 12621 | D:10     | Killed a boulder beetle
 13496 | D:10     | Noticed a two-headed ogre
 13504 | D:10     | HP: 5/128 [two-headed ogre/+0 giant club (19)]
 13524 | D:10     | Killed from afar by a steam dragon

Illustrated notes

Levels and vault maps discovered:
D:1:      roderic_crop_circles_arrival_small, layout_loops_ring,
          ebering_ecumenical_altar_hall
D:2:      kennysheep_six_static_rooms, layout_basic, minmay_tripent,
          uniq_crazy_yiuf_cottage
D:3:      layout_loops_ring, trog_hazing_becter, nicolae_overflow_squiral,
          minmay_close_crescents
D:4:      layout_basic, lightli_temple_of_fire,
          minmay_temple_entry_stoned_glass, uniq_edmund
D:5:      layout_layer_cave, okawaru_ov_weapons_minmay, jmf_multi_god_temple2,
          enter_ossuary_1, kennysheep_small_spiral, uniq_blork_the_orc,
          uniq_sigmund, uniq_menkaure
D:6:      layout_loops_ring, nicolae_ru_path_of_blood
D:7:      layout_basic, tso_oasis_becter, nicolae_elyvilon_temple_path,
          gammafunk_ghost_wrathful_warriors, lemuel_flame_loot_1
D:8:      layout_loops_corners, serial_shops, nicolae_shop_crystal,
          kennysheep_little_box, shop, serial_park_tiny_pond
D:9:      layout_stronghold, nicolae_overflow_hidden_temple,
          mainiacjoe_overflow_alcove_4, orc_0_dummy, uniq_erolcha
D:10:     layout_long_grid, erik_lair_orcish_takeover, kennysheep_kite_vault,
          uniq_sonja

Skill      XL: |  1  2  3  4  5  6  7  8  9 10 11 |
---------------+----------------------------------+-----
Fighting       | 5 6 7 8 9 11 13 | 13.8
Maces & Flails | 4 5 6 7 8 10 | 10.6
Throwing       | 1 2 4 5 7 |  7.1
Shields        | 1 4 5 |  5.6
Dodging        | |  2.6

Action                     |  1- 3 |  4- 6 |  7- 9 | 10-12 || total
---------------------------+-------+-------+-------+-------++-------
  Melee: Mace              |   101 |   183 |       |       ||   284
         Headbutt          |    20 |    20 |    58 |    41 ||   139
         Punch             |     1 |     1 |     2 |       ||     4
         Flail             |       |     1 |    32 |       ||    33
         Morningstar       |       |       |   305 |   242 ||   547
  Throw: Stone             |       |     8 |    36 |    29 ||    73
         Dart              |       |       |    10 |    13 ||    23
         Boomerang         |       |       |       |     5 ||     5
         Throwing net      |       |       |       |     3 ||     3
 Invoke: Berserk           |     1 |     4 |    10 |     7 ||    22
         Trog's Hand       |       |       |     1 |     2 ||     3
  Evoke: Wand              |       |       |     9 |     3 ||    12
    Use: Scroll            |       |       |       |     8 ||     8
         Potion            |       |       |       |     1 ||     1
   Stab: Sleeping          |       |     1 |       |       ||     1
         Held in net/web   |       |       |       |     1 ||     1
 Armour: Animal skin       |    58 |   112 |   297 |    43 ||   510
         Robe              |       |       |       |   138 ||   138
         Skin              |       |       |       |    64 ||    64
  Dodge: Dodged            |    56 |    86 |   190 |    72 ||   404
  Block: Kite shield       |       |       |    10 |   106 ||   116

Table legend: (Time is in decaauts)
 A = Elapsed time spent in this place.
 B = Non-inter-level travel time spent in this place.
 C = Inter-level travel time spent in this place.
 D = Time resting spent in this place.
 E = Time spent auto-exploring this place.
 F = Levels seen in this place.
 G = Mean time per level.
                   A        B        C        D        E       F      G
               +--------+--------+--------+--------+--------+-----+--------+
         Total |  13827 |  13089 |    738 |   3263 |   6806 |  11 | 1257.0 |
       Dungeon |  13456 |  12718 |    738 |   3093 |   6806 |  10 | 1345.6 |
       Ossuary |    371 |    371 |      0 |    170 |      0 |   1 |  371.0 |
               +--------+--------+--------+--------+--------+-----+--------+

Top non-repeatable levels by time:
     D:9: 2512 daAuts
     D:6: 1865 daAuts
     D:5: 1717 daAuts
     D:8: 1432 daAuts
     D:7: 1295 daAuts
     D:3: 1133 daAuts
     D:2: 1046 daAuts
     D:1: 883 daAuts
     D:4: 836 daAuts
    D:10: 733 daAuts
 Ossuary: 371 daAuts
